 Dungeon Crawl Stone Soup version 0.31-a0-879-g1609e0ac53 (webtiles) character file.

Game seed: 5801651408557167099

137 archon2 the Chopper (level 5, 39/41 HPs)
             Began as a Demonspawn Gladiator on Oct 14, 2023.
             Quit the game on level 3 of the Dungeon.
             The game lasted 00:03:13 (1747 turns).

archon2 the Chopper (Demonspawn Gladiator)          Turns: 1747, Time: 00:03:13

Health: 39/41      AC:  3    Str: 16    XL:     5   Next: 0%
Magic:  5/5        EV: 13    Int:  9    God:
Gold:   111        SH:  0    Dex: 15    Spells: 4/4 levels left

rFire   . . .        a - +0 war axe
rCold   . . .        (no shield)
rNeg    . . .        v - +0 leather armour
rPois   .            (helmet restricted)
rElec   .            (no cloak)
rCorr   .            (no gloves)
SInv    .            (no boots)
Will    .....        m - amulet of the acrobat
Stlth   +            (no ring)
HPRegen 0.26/turn    (no ring)
MPRegen 0.09/turn

%: acrobat
@: no status effects
A: horns 1, powered by pain 1
a: no special abilities


You were on level 3 of the Dungeon.
You visited 1 branch of the dungeon, and saw 3 of its levels.

You collected 111 gold pieces.

Inventory:

Hand Weapons
 a - a +0 war axe (weapon)
 b - a +0 sling
 q - a +1 dagger of venom
Missiles
 d - 3 throwing nets (quivered)
 e - a javelin
Armour
 c - a +0 helmet
 s - the +2 robe of the Akabeko {MP+9 Archmagi}
   (You found it on level 2 of the Dungeon)

   MP+9:      It affects your magic capacity (+9).
   Archmagi:  It increases the power of your magical spells.
 v - a +0 leather armour (worn)
Jewellery
 f - a ring of flight
 m - an amulet of the acrobat (around neck)
 t - a +4 ring of protection
Scrolls
 g - 3 scrolls of amnesia {unknown}
 h - 2 scrolls of identify {unknown}
 k - a scroll of enchant armour {unknown}
 n - a scroll of poison {unknown}
 o - a scroll of blinking {unknown}
 p - a scroll of silence {unknown}
 r - a scroll of noise {unknown}
Potions
 i - 2 potions of heal wounds {unknown}
 j - a potion of invisibility {unknown}
 l - a potion of haste {unknown}
 u - a potion of brilliance {unknown}


   Skills:
 + Level 3.0 Fighting
 * Level 4.1 Axes
 - Level 1.7 Throwing
 + Level 3.4 Dodging


You had 4 spell levels left.
You didn't know any spells.
Your spell library was empty.

Dungeon Overview and Level Annotations

Branches:
Dungeon (3/15)

Altars:


Innate Abilities, Weirdness & Mutations

You have a pair of small horns on your head.
You sometimes gain a little power by taking damage.


Message History

Found a sling.
You see here a +0 sling.
v - a +0 sling Adjust to which letter? (? for menu, Esc to quit)
b - a +0 sling;
v - a +0 leather armour (worn)
b - a +0 sling (weapon)
a - a +0 war axe (weapon)
You see here a +0 dagger of draining.
An orc comes into view. It is wielding a +0 hand axe.
The orc shouts!
You hear a shout!
An orc comes into view. It is wielding a +0 dagger.
The orc throws a boomerang.
The boomerang completely misses you.
You closely miss the orc. Your headbutt misses the orc.
The orc hits you with a +0 hand axe.
You slash the orc!
You kill the orc!
You have reached level 5!
Your demonic ancestry asserts itself...
You feel energised by your suffering.
You see here a +0 hand axe.
You hit the orc.
The orc is moderately wounded.
The orc barely misses you.
An orc wizard comes into view. It is wielding a +0 dagger.
The orc misses you.
You hit the orc but do no damage.
The orc is moderately wounded.
The orc hits you with a +0 dagger.
The orc wizard mumbles some strange words.
The orc wizard flickers and vanishes!
Deactivating autopickup; reactivate with Ctrl-A.
An orc comes into view. It is wielding a +0 mace.
The orc shouts!
You hit the orc but do no damage.
The orc is moderately wounded.
You hear a shout!
The orc hits you but does no damage.
A frilled lizard comes into view.
An orc wizard comes into view. It is wielding a +2 dagger of flaming.
Are you sure you want to abandon this character and quit the game? (Confirm with "yes".)

### .... .....
......#############
.......o@..).....>#
.l{...###########.#
.oo.. ######....#
#### #.........#
#.#.<(.##.#######
#.#.##)..........
#.......#.#......
####.#..#.#......
#......#.#......


You could see an orc wizard, 2 orcs and a frilled lizard (wandering).

Vanquished Creatures
  A hound (D:3)
  Natasha (D:3)
  2 adders (D:2)
  A worm (D:2)
  A dart slug (D:1)
  An orc (D:3)
  5 bats
  4 endoplasms
  2 giant cockroaches (D:1)
  12 goblins
  8 hobgoblins
  5 ball pythons
  5 frilled lizards
  6 kobolds
  2 rats (D:2)
56 creatures vanquished.

Notes
Turn   | Place    | Note
-------+----------+-------------------------------------------
     0 | D:1      | archon2 the Demonspawn Gladiator began the quest for the
                  | Orb.
     0 | D:1      | Reached XP level 1. HP: 16/16 MP: 1/1
   100 | D:1      | Reached skill level 3 in Axes
   129 | D:1      | Gained mutation: You have a pair of small horns on your
                  | head. [demonic ancestry]
   129 | D:1      | Reached XP level 2. HP: 22/22 MP: 2/2
   610 | D:2      | Reached XP level 3. HP: 27/28 MP: 3/3
   681 | D:2      | Identified the +2 robe of the Akabeko {MP+9 Archmagi}
   786 | D:2      | Found a faded altar of an unknown god.
  1436 | D:3      | Noticed Natasha
  1444 | D:3      | Killed Natasha
  1445 | D:3      | Reached XP level 4. HP: 11/34 MP: 4/4
  1591 | D:3      | Reached skill level 4 in Axes
  1743 | D:3      | Gained mutation: You sometimes gain a little power by
                  | taking damage. [demonic ancestry]
  1743 | D:3      | Reached XP level 5. HP: 38/41 MP: 5/5
  1747 | D:3      | Quit the game

Illustrated notes

Levels and vault maps discovered:
D:1:      scummos_arrival_simple_crosswalls, layout_rooms,
          dreamdust_princess_corridor
D:2:      layout_basic, shapermc_ecumenical_altar_mp_ritualfount
D:3:      cheibrodos_greedy_goblins, layout_basic, uniq_natasha

Skill      XL: |  1  2  3  4 |
---------------+-------------+-----
Axes           | 3 4 |  4.1
Dodging        | 3 |  3.4
Fighting       | 3 |  3.0
Throwing       | |  1.7

Action                     |  1- 3 |  4- 6 || total
---------------------------+-------+-------++-------
  Melee: War axe           |    91 |    33 ||   124
         Headbutt          |    12 |     3 ||    15
   Stab: Sleeping          |     2 |       ||     2
         Distracted        |       |     1 ||     1
 Armour: Leather armour    |    41 |    14 ||    55
  Dodge: Dodged            |    70 |    15 ||    85

Table legend: (Time is in decaauts)
 A = Elapsed time spent in this place.
 B = Non-inter-level travel time spent in this place.
 C = Inter-level travel time spent in this place.
 D = Time resting spent in this place.
 E = Time spent auto-exploring this place.
 F = Levels seen in this place.
 G = Mean time per level.
                   A        B        C        D        E       F      G
               +--------+--------+--------+--------+--------+-----+--------+
         Total |   1787 |   1688 |     99 |    279 |   1052 |   3 |  595.7 |
       Dungeon |   1787 |   1688 |     99 |    279 |   1052 |   3 |  595.7 |
               +--------+--------+--------+--------+--------+-----+--------+

Top non-repeatable levels by time:
     D:2: 872 daAuts
     D:1: 564 daAuts
     D:3: 350 daAuts
